 Dungeon Crawl Stone Soup version 0.29.1-1-gd02db69 (webtiles) character file.

Game seed: 7218746651748036545

1086 Kel the Cleaver (level 8, -3/46 HPs)
             Began as a Gargoyle Fighter on Nov 23, 2022.
             Was an Initiate of Gozag.
             Slain by a gnoll sergeant
             ... wielding a +1 spear of flaming
              (7 damage)
             ... on level 6 of the Dungeon.
             The game lasted 00:13:10 (7430 turns).

Kel the Cleaver (Gargoyle Fighter)                  Turns: 7430, Time: 00:13:10

Health: -3/46      AC: 15    Str: 22    XL:     8   Next: 30%
Magic:  8/8        EV:  4    Int:  9    God:    Gozag
Gold:   475        SH:  0    Dex:  9    Spells: 7/7 levels left

rFire   . . .      SeeInvis .   a - +0 war axe
rCold   . . .      Faith    .   c - +0 buckler
rNeg    + . .      Spirit   .   x - +0 chain mail
rPois   ∞          Reflect  +   l - +0 helmet
rElec   +          Harm     .   (no cloak)
rCorr   .          Rampage  .   (no gloves)
Will    .....                   (no boots)
Stlth   ..........              d - amulet of reflection
HPRegen 0.15/turn               (no ring)
MPRegen 0.11/turn               (no ring)

@: held
A: sickness immunity, AC +5, negative energy resistance 1, electricity
resistance, torment resistance 1, petrification resistance
a: Renounce Religion, Potion Petition, Call Merchant, Bribe Branch


You were on level 6 of the Dungeon.
You worshipped Gozag.
Gozag was aware of your devotion.
You visited 2 branches of the dungeon, and saw 7 of its levels.

You collected 555 gold pieces.
You paid 80 gold pieces to Gozag.

Inventory:

Hand Weapons
 a - a +0 war axe (weapon)
Armour
 c - a +0 buckler (worn)
 l - a +0 helmet (worn)
 x - a +0 chain mail (worn)
Jewellery
 d - an amulet of reflection (around neck)
Wands
 r - a wand of acid (8)
 w - a wand of polymorph (7)
Scrolls
 f - 2 scrolls of fog {unknown}
 g - a scroll of blinking {unknown}
 i - a scroll of identify
 k - a scroll of summoning {unknown}
 m - 2 scrolls of fear {unknown}
 n - 5 scrolls of teleportation
 o - a scroll of silence {unknown}
 p - 2 scrolls of noise {unknown}
 q - 2 scrolls of enchant weapon {unknown}
 t - a scroll of poison {unknown}
 y - a scroll of brand weapon {unknown}
Potions
 b - a potion of heal wounds {unknown}
 e - 2 potions of cancellation
 h - 2 potions of flight {unknown}
 j - a potion of mutation {unknown}
 s - 2 potions of lignification
 u - a potion of berserk rage {unknown}
 v - a potion of attraction {unknown}


   Skills:
 - Level 3.3 Fighting
 + Level 8.9 Axes
 - Level 3.3 Armour
 - Level 3.3 Shields


You had 7 spell levels left.
You didn't know any spells.
Your spell library contained the following spells:

 Spells                   Type           Power      Damage    Failure   Level
 Sandblast                Erth           0%         2d4       99%         1
 Passwall                 Tmut/Erth      0%         N/A       100%        2
 Stone Arrow              Conj/Erth      0%         3d7       100%        3
 Petrify                  Tmut/Erth      0%         N/A       100%        4
 Irradiate                Conj/Tmut      0%         3d11      100%        5
 Sublimation of Blood     Necr           Unusable   N/A       N/A         2

Dungeon Overview and Level Annotations

Branches:
Dungeon (6/15)             Temple (1/1) D:4

Altars:
Cheibriados
Fedhas
Gozag
Hepliaklqana
Nemelex Xobeh
Ru
Sif Muna
Uskayaw
Zin
The Shining One

Shops:
D:2 *   D:3 [!


Innate Abilities, Weirdness & Mutations

You are immune to sickness and miasma.
Your stone body is resilient. (AC +5)
You are immune to poison.
You resist negative energy. (rN+)
You are resistant to electric shocks. (rElec)
You are resistant to unholy torment.
You are immune to petrification.


Message History

The gnoll sergeant is lightly wounded.
The gnoll is distracted by your dazzling golden aura.
You block the gnoll sergeant's attack. x2
The gnoll sergeant blocks your attack.
The gnoll sergeant is lightly wounded.
The gnoll sergeant hits you with a +1 spear of flaming!
The gnoll sergeant burns you.
The gnoll shouts!
You barely miss the gnoll sergeant.
The gnoll sergeant is lightly wounded.
You block the gnoll sergeant's attack.
You slash the gnoll sergeant!
The gnoll sergeant is heavily wounded.
You block the gnoll sergeant's attack. The gnoll sergeant blocks your attack.
The gnoll sergeant is heavily wounded.
The gnoll is no longer distracted by gold.
The gnoll barely misses you.
The gnoll sergeant hits you with a +1 spear of flaming.
The gnoll sergeant burns you.
You closely miss the gnoll sergeant.
The gnoll sergeant is heavily wounded.
The gnoll throws a throwing net.
The throwing net hits you.
You become entangled in the net!
The gnoll sergeant hits you but does no damage.
You struggle against the net.
The gnoll hits you but does no damage.
The gnoll sergeant hits you but does no damage.
You struggle against the net.
The gnoll hits you from afar with a +0 spear.
* * * LOW HITPOINT WARNING * * *
The gnoll sergeant hits you with a +1 spear of flaming.
* * * LOW HITPOINT WARNING * * *
The gnoll sergeant burns you.
* * * LOW HITPOINT WARNING * * *
You struggle against the net.
The gnoll hits you but does no damage. The gnoll sergeant barely misses you.
You struggle against the net.
The gnoll hits you but does no damage.
The gnoll sergeant hits you with a +1 spear of flaming!
You die...
Your body crumbles into a pile of gold.

#........## #......<..#
########### #..........
#.........####>.........
#.......#...>.......##..
......P..#..##.##.......
.PP..P......##.##...#...
.P.....$$.......#...#...
.PPP..g@$..........#....
.P.........$............
.P...g.P.........)##....
...P.PP...........##....
#..!..............##....
.######..........>#<....
...................
................####
...)...............#


You could see a gnoll sergeant and a gnoll.

Vanquished Creatures
  2 steam dragons
  An ogre (D:6)
  2 phantoms (D:4)
  A necrophage (D:5)
  A scorpion (D:5)
  2 hounds
  2 jellies
  2 orc priests (D:3)
  A gnoll bouda (D:4)
  2 orc wizards (D:5)
  Terence (D:2)
  5 gnolls
  5 adders
  A shadow imp (D:6)
  3 worms
  18 orcs
  4 bats
  4 endoplasms
  6 giant cockroaches
  6 goblins
  5 hobgoblins
  4 jackals (D:1)
  5 quokkas
  9 ball pythons
  2 frilled lizards (D:3)
  3 kobolds
  10 rats
107 creatures vanquished.

Vanquished Creatures (others)
  5 plants (D:6)
5 creatures vanquished.

Grand Total: 112 creatures vanquished

Notes
Turn   | Place    | Note
-------+----------+-------------------------------------------
     0 | D:1      | Kel the Gargoyle Fighter began the quest for the Orb.
     0 | D:1      | Reached XP level 1. HP: 14/14 MP: 1/1
   283 | D:1      | Reached skill level 2 in Axes
   303 | D:1      | Reached XP level 2. HP: 10/19 MP: 2/2
   770 | D:1      | Found a faded altar of an unknown god.
  1548 | D:2      | Reached skill level 3 in Axes
  1548 | D:2      | Reached XP level 3. HP: 14/23 MP: 3/3
  1548 | D:2      | Noticed Terence
  1554 | D:2      | Killed Terence
  1671 | D:2      | Reached XP level 4. HP: 28/28 MP: 4/4
  1769 | D:2      | Found Ritebal's General Store.
  2264 | D:3      | Found Ajuej's Distillery.
  2277 | D:3      | Reached skill level 4 in Axes
  2314 | D:3      | Found a blossoming altar of Fedhas.
  2516 | D:3      | Found Fuorodd's Antique Armour Shop.
  2585 | D:3      | Reached XP level 5. HP: 17/32 MP: 5/5
  2831 | D:3      | Found a glowing golden altar of the Shining One.
  2955 | D:3      | Found a sacrificial altar of Ru.
  2955 | D:3      | Found a shimmering blue altar of Sif Muna.
  3264 | D:3      | Reached skill level 5 in Axes
  3554 | D:4      | Noticed a phantom
  3567 | D:4      | Killed a phantom
  3568 | D:4      | Reached XP level 6. HP: 35/37 MP: 6/6
  3628 | D:4      | Reached skill level 6 in Axes
  4152 | D:4      | Found a staircase to the Ecumenical Temple.
  4178 | Temple   | Entered the Ecumenical Temple
  4242 | Temple   | Became a worshipper of Gozag Ym Sagoz the Greedy
  4526 | D:5      | Entered Level 5 of the Dungeon
  4556 | D:4      | Reached XP level 7. HP: 8/41 MP: 7/7
  5146 | D:5      | HP: 1/41 [orc wizard/puff of flame (5)]
  5496 | D:5      | Reached skill level 7 in Axes
  5534 | D:5      | Noticed a steam dragon
  5544 | D:5      | Killed a steam dragon
  6653 | D:6      | Noticed a steam dragon
  7088 | D:6      | Reached skill level 8 in Axes
  7088 | D:6      | Reached XP level 8. HP: 30/46 MP: 8/8
  7430 | D:6      | Slain by a gnoll sergeant

Illustrated notes

Levels and vault maps discovered:
D:1:      psy_arrival_radial02, layout_basic, serial_glass, glass_columns_b,
          glass_columns_c, glass_columns_a, glass_columns_b, glass_columns_c,
          glass_columns_c, glass_columns_a, glass_columns_c,
          shapermc_ecumenical_altar_venn
D:2:      layout_basic, serial_shops, shop, uniq_terence
D:3:      layout_loops_ring, nicolae_tso_carved_into_rock,
          mainiacjoe_overflow_brackets, nicolae_overflow_two_pavilions,
          serial_shops, shop, nicolae_shop_hallway_stairs, gup_sewer_entry_pipe,
          hangedman_decor_riveting, chequers_decorated_corner,
          chequers_serial_rivers_micro_e, roderic_serpentine_path
D:4:      layout_gridville, temple_green
D:5:      layout_layer_cave, serial_rivers, chequers_serial_rivers_large_a,
          chequers_serial_rivers_micro_a, chequers_serial_rivers_small_b,
          chequers_serial_rivers_room_b, grunt_decor_fettered
D:6:      layout_rooms, nicolae_grassy_gnolls, uniq_blork_the_orc
Temple:   nicolae_temple_bog_church

Skill      XL: |  1  2  3  4  5  6  7 |
---------------+----------------------+-----
Axes           | 2 3 4 5 6 8 |  8.9
Fighting       | |  3.3
Armour         | |  3.3
Shields        | |  3.3

Action                   |  1- 3 |  4- 6 |  7- 9 || total
-------------------------+-------+-------+-------++-------
Melee: War axe           |    65 |   190 |   100 ||   355
  Use: Scroll            |       |       |     5 ||     5
       Potion            |       |       |     1 ||     1
Armor: Scale mail        |    30 |    93 |    44 ||   167
       Chain mail        |       |       |    32 ||    32
Dodge: Dodged            |    38 |    77 |    51 ||   166
Block: Buckler           |    13 |    36 |    24 ||    73
